 Dungeon Crawl Stone Soup version 0.31-a0-164-g2312942fda (webtiles) character file.

Game seed: 13207028559579222091

7696 qw the Cleaver (level 11, 0/68 HPs)
             Began as a Gargoyle Fighter on June 13, 2023.
             Was an Elder of Okawaru.
             Slain by a yak (9 damage)
             ... on level 1 of the Lair of Beasts.
             The game lasted 00:03:22 (7235 turns).

qw the Cleaver (Gargoyle Fighter)                   Turns: 7235, Time: 00:03:22

Health: 0/68       AC: 37    Str: 23    XL:     11   Next: 19%
Magic:  14/15      EV:  8    Int:  8    God:    Okawaru [****..]
Gold:   744        SH:  5    Dex:  7    Spells: 10/10 levels left

rFire   + . .        Y - +3 war axe (heavy)
rCold   + . .        c - +0 buckler
rNeg    + . .        p - +2 plate armour {rC+}
rPois   inf          e - +2 helmet
rElec   +            s - +0 cloak
rCorr   .            i - +2 pair of gloves
SInv    .            r - +1 pair of boots
Will    .....        (no amulet) Stlth
                     a - ring of protection from fire
HPRegen 0.31/turn    (no ring)
MPRegen 0.14/turn

%: no passive effects
@: heroic
A: sickness immunity, AC +8, negative energy resistance 1, electricity
resistance, torment resistance 1, petrification resistance, clumsy 1, weak 1,
wild magic 1
a: Renounce Religion, Heroism, Finesse


You were on level 1 of the Lair of Beasts.
You worshipped Okawaru.
Okawaru was greatly pleased with you.
You visited 3 branches of the dungeon, and saw 10 of its levels.
You also visited: Ossuary.

You collected 744 gold pieces.


Innate Abilities, Weirdness & Mutations

You are immune to sickness and miasma.
Your stone body is resilient. (AC +8)
You are immune to poison.
You resist negative energy. (rN+)
You are resistant to electric shocks. (rElec)
You are resistant to unholy torment.
You are immune to petrification.
You are clumsy. (Dex -2)
You are weak. (Str -2)
Your spells are a little harder to cast, but a little more powerful.


   Skills:
 - Level 8.1(13.1) Fighting
 + Level 10.9(15.9) Axes
 - Level 3.3(8.3) Throwing
 - Level 8.2(13.2) Armour
 - Level 1.0(6.0) Dodging
 - Level 5.1(10.1) Shields
 + Level 5.8 Invocations


You had 10 spell levels left.
You didn't know any spells.
Your spell library was empty.

Inventory:

Hand Weapons
 t - a +2 heavy flail
 Y - a +3 heavy war axe (weapon)
Missiles
 f - 2 javelins (quivered)
 o - 5 boomerangs
Armour
 c - a +0 buckler (worn)
 e - a +2 helmet (worn)
 i - a +2 pair of gloves (worn)
 p - a +2 plate armour of cold resistance (worn)
 r - a +1 pair of boots (worn)
 s - a +0 cloak (worn)
Jewellery
 a - a ring of protection from fire (left hand)
Scrolls
 g - 6 scrolls of identify
 h - 2 scrolls of teleportation
Potions
 d - 4 potions of might
 j - a potion of haste
 k - a potion of lignification
 n - 2 potions of heal wounds
 q - 3 potions of curing
 u - 2 potions of mutation
 w - 2 potions of resistance

Dungeon Overview and Level Annotations

Branches:
Dungeon (8/15)             Temple (1/1) D:4            Lair (1/5) D:8
Ossuary (visited)

Altars:
Ashenzari
Cheibriados
Dithmenos
Fedhas
Hepliaklqana
Makhleb
Nemelex Xobeh
Okawaru
Qazlal
Ru
Sif Muna
Vehumet
Wu Jian
Xom
Yredelemnul
Zin
The Shining One

Shops:
D:4 (


Message History

Enter note: You throw a javelin.
The javelin pierces through the yak.
The yak is lightly wounded.
The javelin pierces through the plant!!
The plant begins to die.
The plant is lightly damaged.
You hear a bellow!
You throw a javelin.
The javelin pierces through the yak but does no damage.
The yak is lightly wounded.
You hit the yak.
The yak is moderately wounded.
The yak completely misses you.
You slice the yak!!
The yak is almost dead.
You feel like a meek peon again.
A nearby plant withers and dies.
The yak gores you!
7229 ||| INVOKING Heroism.
You gain the combat prowess of a mighty hero.
The yak gores you!
You slash the yak!
You kill the yak!
Okawaru accepts your kill.
A yak comes into view.
The yak bellows!
You slice the yak!!
The yak is almost dead.
The yak gores you but does no damage.
You slash the yak!
You kill the yak!
Okawaru accepts your kill.
You barely miss the yak. The yak gores you but does no damage.
You block the yak's attack.
You barely miss the yak. x2
The yak gores you but does no damage. The yak gores you!
You slice the yak like a ripe choko!!!
The yak is almost dead.
You slice the yak!!
You hear a croak.
The yak gores you! x2
You die...

......#.####...
.................#
.......##.###.....
........# #.##.#
.......## ..##.#
P...P.(.## #.##.#
.........# ##.#..#
.........###.%##.#
).P(..........#Y@#
.........#####)Y.#
.....##### #.###
....## #(.# ....
#(.# .#.# #..# #
##.. #Y# #..


You could see 2 yaks.

Vanquished Creatures
  Amaemon (Lair:1)
  An orange demon (Lair:1)
  A troll (D:7)
  Sigmund (D:6)
  3 wyverns
  A basilisk (D:7)
  20 yaks
  Menkaure (D:6)
  A steam dragon (D:8)
  4 water moccasins
  2 black bears
  2 sky beasts (D:8)
  An ogre (D:4)
  3 centaurs (D:8)
  5 bullfrogs
  2 scorpions
  5 killer bees (D:7)
  2 howler monkeys (D:8)
  4 hounds
  3 jellies
  4 orc priests
  A human zombie (D:5)
  3 iguanas
  3 orc wizards
  12 mummies (Ossuary)
  4 gnolls (D:3)
  13 adders
  2 white imps
  An ufetubus (D:6)
  A worm zombie (D:5)
  2 worms (D:2)
  2 dart slugs
  17 orcs
  6 ball pythons
  10 endoplasms
  2 giant cockroaches
  10 goblins
  7 hobgoblins
  2 jackals (D:4)
  7 kobolds
  5 quokkas
  3 training dummies (D:4)
  3 bats
  3 frilled lizards (D:1)
  2 gnoll skeletons (Ossuary)
  3 goblin skeletons (Ossuary)
  3 orc skeletons (Ossuary)
  6 rats
  11 rat skeletons (Ossuary)
211 creatures vanquished.

Notes
Turn   | Place    | Note
-------+----------+-------------------------------------------
     0 | D:1      | qw the Gargoyle Fighter began the quest for the Orb.
     0 | D:1      | Reached XP level 1. HP: 14/14 MP: 1/1
     0 | D:1      | 0 ||| qw: Version: 0.2-a-29-gc1b59c4
     0 | D:1      | 0 ||| qw: Game counter: 4507
     0 | D:1      | 0 ||| qw: Always use a shield: true
     0 | D:1      | 0 ||| qw: God list: Okawaru
     0 | D:1      | 0 ||| qw: Allow faded altars: false
     0 | D:1      | 0 ||| qw: Do Orc after D:15 true
     0 | D:1      | 0 ||| qw: Do second Lair branch before Depths: true
     0 | D:1      | 0 ||| qw: Lair rune preference: random
     0 | D:1      | 0 ||| qw: Plans: Normal, Zot:1-4, Slime:5, God:TSO, Crypt,
                  | Tomb, Abyss, Pan, Hells, Win
     0 | D:1      | 0 ||| PLANNING D:1-11
   191 | D:1      | Reached skill level 2 in Axes
   250 | D:1      | Reached XP level 2. HP: 19/19 MP: 2/2
   370 | D:1      | Found a faded altar of an unknown god.
   461 | D:1      | 461 ||| Stepping ~*~*~tactically~*~*~ (stealth).
   683 | D:1      | Reached skill level 3 in Axes
   704 | D:1      | Reached XP level 3. HP: 23/23 MP: 3/3
  1119 | D:1      | 1119 ||| UPGRADING to +0 chain mail.
  1129 | D:1      | 1129 ||| DROPPING +0 scale mail.
  1130 | D:1      | 1130 ||| UPGRADING to +0 pair of gloves.
  1135 | D:1      | 1135 ||| UPGRADING to +0 plate armour.
  1145 | D:1      | 1145 ||| DROPPING +0 chain mail.
  1146 | D:1      | 1146 ||| READING scroll labelled PISUNN HISCHO.
  1430 | D:2      | Reached skill level 1 in Throwing
  1518 | D:2      | Found a snail-covered altar of Cheibriados.
  1568 | D:2      | 1568 ||| Stepping ~*~*~tactically~*~*~ (hiding).
  1569 | D:2      | 1569 ||| Stepping ~*~*~tactically~*~*~ (hiding).
  1584 | D:2      | 1584 ||| Stepping ~*~*~tactically~*~*~ (stealth).
  1585 | D:2      | 1585 ||| Stepping ~*~*~tactically~*~*~ (stealth).
  1592 | D:2      | Reached XP level 4. HP: 21/28 MP: 4/4
  1592 | D:2      | 1592 ||| FLEEEEING.
  1593 | D:2      | 1593 ||| Stepping ~*~*~tactically~*~*~ (hiding).
  1601 | D:2      | Reached skill level 4 in Axes
  1601 | D:2      | Reached XP level 5. HP: 11/32 MP: 5/5
  1692 | D:2      | 1692 ||| DROPPING +0 club.
  2060 | D:2      | 2060 ||| UPGRADING to +0 helmet.
  2065 | D:2      | 2065 ||| UPGRADING to +2 helmet.
  2075 | D:2      | 2075 ||| DROPPING +0 helmet.
  2076 | D:2      | 2076 ||| READING scroll labelled ABLE KEGGIPN.
  2077 | D:2      | 2077 ||| READING scroll labelled OTHROE NAMUXUGH.
  2078 | D:2      | 2078 ||| READING scroll labelled ZOVOOMYROOCH.
  2083 | D:2      | 2083 ||| READING scroll labelled RUDWYC DOIMUUPS.
  2084 | D:2      | 2084 ||| READING scroll labelled SUGOFEREPH.
  2107 | D:2      | 2107 ||| READING 3 scrolls labelled ZUNEPH LEUCRI.
  2107 | D:2      | Identified 3 scrolls of acquirement
  2107 | D:2      | 2107 ||| ACQUIRING +2 heavy war axe
  2107 | D:2      | Acquired a +2 heavy war axe
  2109 | D:2      | 2109 ||| SWAPPING to +2 heavy war axe.
  2110 | D:2      | 2110 ||| DROPPING +0 war axe.
  2111 | D:2      | 2111 ||| READING 2 scrolls of acquirement.
  2111 | D:2      | 2111 ||| ACQUIRING 268 gold pieces
  2111 | D:2      | Acquired 268 gold pieces
  2112 | D:2      | 2112 ||| READING scroll of acquirement.
  2112 | D:2      | 2112 ||| ACQUIRING scarf of the Iron City of Dis {+Inv,
                  | Dex+4}
  2112 | D:2      | Acquired the scarf of the Iron City of Dis {+Inv, Dex+4}
  2114 | D:2      | 2114 ||| UPGRADING to scarf of the Iron City of Dis {+Inv,
                  | Dex+4}.
  2165 | D:3      | Reached skill level 5 in Axes
  2179 | D:3      | Reached skill level 1 in Dodging
  2179 | D:3      | Reached XP level 6. HP: 16/37 MP: 6/6
  2181 | D:3      | 2181 ||| Stepping ~*~*~tactically~*~*~ (stealth).
  2182 | D:3      | 2182 ||| Stepping ~*~*~tactically~*~*~ (stealth).
  2187 | D:3      | 2187 ||| Stepping ~*~*~tactically~*~*~ (stealth).
  2434 | D:3      | 2434 ||| Stepping ~*~*~tactically~*~*~ (hiding).
  2435 | D:3      | 2435 ||| Stepping ~*~*~tactically~*~*~ (hiding).
  2547 | D:3      | 2547 ||| Stepping ~*~*~tactically~*~*~ (hiding).
  2553 | D:3      | 2553 ||| Stepping ~*~*~tactically~*~*~ (hiding).
  2554 | D:3      | 2554 ||| Stepping ~*~*~tactically~*~*~ (hiding).
  2561 | D:3      | 2561 ||| Stepping ~*~*~tactically~*~*~ (stealth).
  2564 | D:3      | 2564 ||| Stepping ~*~*~tactically~*~*~ (stealth).
  2596 | D:3      | Found a burning altar of Makhleb.
  2608 | D:3      | Identified the +10 dagger of Skirmishing {speed, Int+4
                  | Dex+3}
  2732 | D:3      | 2732 ||| DROPPING +1 hat.
  2733 | D:3      | 2733 ||| READING scroll labelled VEOSUKK NALAC.
  2776 | D:4      | 2776 ||| Stepping ~*~*~tactically~*~*~ (stealth).
  2810 | D:4      | Found a sacrificial altar of Ru.
  2850 | D:4      | 2850 ||| Stepping ~*~*~tactically~*~*~ (stealth).
  2852 | D:4      | 2852 ||| Stepping ~*~*~tactically~*~*~ (hiding).
  2912 | D:4      | 2912 ||| UPGRADING to ring of protection from fire.
  2913 | D:4      | 2913 ||| DRINKING 2 lumpy black potions.
  2921 | D:4      | 2921 ||| READING 3 scrolls of identify.
  2921 | D:4      | 2921 ||| IDENTIFYING murky coppery potion
  2922 | D:4      | 2922 ||| READING 2 scrolls of identify.
  2922 | D:4      | 2922 ||| IDENTIFYING fizzy golden potion
  2923 | D:4      | 2923 ||| DROPPING potion of ambrosia.
  2978 | D:4      | 2978 ||| Stepping ~*~*~tactically~*~*~ (stealth).
  2979 | D:4      | 2979 ||| Stepping ~*~*~tactically~*~*~ (stealth).
  2987 | D:4      | Found Saucofori's Firing Range.
  2998 | D:4      | Reached XP level 7. HP: 43/43 MP: 7/7
  3060 | D:4      | Found a staircase to the Ecumenical Temple.
  3061 | D:4      | 3061 ||| PLANNING TEMPLE
  3065 | Temple   | Entered the Ecumenical Temple
  3086 | Temple   | 3086 ||| PLANNING OKAWARU WORSHIP
  3163 | Temple   | Became a worshipper of Warmaster Okawaru
  3163 | Temple   | 3163 ||| PLANNING D:1-11
  3239 | D:4      | 3239 ||| STAIRDANCE
  3331 | D:4      | Reached skill level 6 in Axes
  3441 | D:4      | Found a shimmering altar of Xom.
  3517 | D:4      | 3517 ||| READING scroll labelled RAARUADDOUNN.
  3547 | D:5      | Entered Level 5 of the Dungeon
  3548 | D:5      | 3548 ||| PLANNING OSSUARY
  3730 | D:5      | 3730 ||| Stepping ~*~*~tactically~*~*~ (stealth).
  3859 | D:5      | Found a sand-covered staircase.
  3868 | D:5      | 3868 ||| UPGRADING to +2 plate armour of cold resistance.
  3878 | D:5      | 3878 ||| DROPPING +0 plate armour.
  3879 | D:5      | 3879 ||| UPGRADING to +0 pair of boots.
  3884 | D:5      | 3884 ||| UPGRADING to +0 cloak.
  3894 | D:5      | 3894 ||| DROPPING scarf of the Iron City of Dis {+Inv,
                  | Dex+4}.
  3900 | Ossuary  | Entered an ossuary
  3969 | Ossuary  | 3969 ||| READING scroll of enchant armour.
  3969 | Ossuary  | 3969 ||| ENCHANTING +0 pair of gloves.
  4014 | Ossuary  | 4014 ||| READING scroll of enchant armour.
  4014 | Ossuary  | 4014 ||| ENCHANTING +1 pair of gloves.
  4029 | Ossuary  | 4029 ||| Stepping ~*~*~tactically~*~*~ (stealth).
  4030 | Ossuary  | 4030 ||| Stepping ~*~*~tactically~*~*~ (stealth).
  4041 | Ossuary  | 4041 ||| READING scroll of enchant armour.
  4041 | Ossuary  | 4041 ||| ENCHANTING +0 pair of boots.
  4103 | Ossuary  | Reached skill level 7 in Axes
  4118 | Ossuary  | Reached XP level 8. HP: 38/48 MP: 8/8
  4223 | Ossuary  | Reached * piety under Okawaru
  4228 | Ossuary  | 4228 ||| READING scroll labelled HIESAM LOPUIMM.
  4229 | Ossuary  | 4229 ||| READING scroll labelled HOCKEIFYETI.
  4230 | Ossuary  | 4230 ||| READING scroll labelled QEOTHR PIAJYA.
  4231 | Ossuary  | 4231 ||| DRINKING 2 bubbling orange potions.
  4254 | Ossuary  | 4254 ||| DRINKING 2 grey potions.
  4255 | Ossuary  | 4255 ||| DRINKING 2 sapphire potions.
  4255 | Ossuary  | Gained mutation: You are weak. (Str -2) [potion of
                  | mutation]
  4255 | Ossuary  | Gained mutation: You are clumsy. (Dex -2) [potion of
                  | mutation]
  4255 | Ossuary  | Gained mutation: Your spells are a little harder to cast,
                  | but a little more powerful. [potion of mutation]
  4272 | D:5      | 4272 ||| PLANNING D:1-11
  4677 | D:6      | 4677 ||| INVOKING Heroism.
  4818 | D:6      | Noticed Menkaure
  4819 | D:6      | 4819 ||| Stepping ~*~*~tactically~*~*~ (hiding).
  4830 | D:6      | Killed Menkaure
  4831 | D:6      | 4831 ||| INVOKING Heroism.
  5041 | D:6      | Noticed Sigmund
  5042 | D:6      | 5042 ||| Stepping ~*~*~tactically~*~*~ (hiding).
  5043 | D:6      | 5043 ||| Stepping ~*~*~tactically~*~*~ (hiding).
  5044 | D:6      | 5044 ||| Stepping ~*~*~tactically~*~*~ (hiding).
  5045 | D:6      | 5045 ||| Stepping ~*~*~tactically~*~*~ (hiding).
  5058 | D:6      | Killed Sigmund
  5059 | D:6      | Reached skill level 3 in Throwing
  5136 | D:6      | 5136 ||| INVOKING Heroism.
  5137 | D:6      | 5137 ||| INVOKING Heroism.
  5142 | D:6      | Reached skill level 1 in Invocations
  5332 | D:6      | 5332 ||| READING scroll labelled SIPSINL UTOAHO.
  5333 | D:6      | 5333 ||| READING 5 scrolls of identify.
  5333 | D:6      | 5333 ||| IDENTIFYING viscous blue potion
  5334 | D:6      | 5334 ||| READING 4 scrolls of identify.
  5334 | D:6      | 5334 ||| IDENTIFYING inky potion
  5335 | D:6      | 5335 ||| READING 3 scrolls of identify.
  5335 | D:6      | 5335 ||| IDENTIFYING cyan potion
  5336 | D:6      | 5336 ||| DROPPING potion of berserk rage.
  5337 | D:6      | 5337 ||| DROPPING potion of degeneration.
  5437 | D:7      | 5437 ||| Stepping ~*~*~tactically~*~*~ (stealth).
  5438 | D:7      | 5438 ||| Stepping ~*~*~tactically~*~*~ (stealth).
  5566 | D:7      | Noticed a troll
  5567 | D:7      | 5567 ||| INVOKING Heroism.
  5574 | D:7      | Killed a troll
  5575 | D:7      | Reached skill level 3 in Invocations
  5575 | D:7      | Reached XP level 9. HP: 53/54 MP: 8/11
  5971 | D:8      | 5971 ||| STAIRDANCE
  5975 | D:7      | Reached skill level 8 in Axes
  5975 | D:7      | 5975 ||| INVOKING Heroism.
  6035 | D:8      | 6035 ||| STAIRDANCE
  6038 | D:7      | 6038 ||| INVOKING Heroism.
  6040 | D:7      | Reached skill level 6 in Fighting
  6043 | D:7      | Reached skill level 6 in Armour
  6125 | D:8      | 6125 ||| STAIRDANCE
  6127 | D:7      | Reached ** piety under Okawaru
  6136 | D:7      | Reached skill level 9 in Axes
  6173 | D:8      | Reached XP level 10. HP: 63/63 MP: 13/13
  6185 | D:8      | Found a staircase to the Lair.
  6193 | D:8      | 6193 ||| INVOKING Heroism.
  6450 | D:8      | Reached *** piety under Okawaru
  6458 | D:8      | Reached skill level 10 in Axes
  6851 | D:8      | 6851 ||| PLANNING LAIR
  6851 | D:8      | 6851 ||| DROPPING orb of guile.
  6852 | D:8      | 6852 ||| READING scroll labelled WOUS ZONARYMY.
  6894 | Lair:1   | Entered Level 1 of the Lair of Beasts
  6903 | Lair:1   | 6903 ||| Stepping ~*~*~tactically~*~*~ (stealth).
  6906 | Lair:1   | Received a gift from Okawaru
  6919 | Lair:1   | 6919 ||| Stepping ~*~*~tactically~*~*~ (stealth).
  6929 | Lair:1   | 6929 ||| INVOKING Heroism.
  6999 | Lair:1   | 6999 ||| Stepping ~*~*~tactically~*~*~ (stealth).
  7000 | Lair:1   | 7000 ||| Stepping ~*~*~tactically~*~*~ (stealth).
  7013 | Lair:1   | Reached **** piety under Okawaru
  7092 | Lair:1   | 7092 ||| INVOKING Heroism.
  7095 | Lair:1   | Reached XP level 11. HP: 42/68 MP: 11/14
  7112 | Lair:1   | 7112 ||| Stepping ~*~*~tactically~*~*~ (stealth).
  7114 | Lair:1   | 7114 ||| Stepping ~*~*~tactically~*~*~ (stealth).
  7202 | Lair:1   | Noticed Amaemon
  7203 | Lair:1   | 7203 ||| Stepping ~*~*~tactically~*~*~ (hiding).
  7206 | Lair:1   | 7206 ||| INVOKING Heroism.
  7219 | Lair:1   | Killed Amaemon
  7223 | Lair:1   | 7223 ||| Stepping ~*~*~tactically~*~*~ (stealth).
  7224 | Lair:1   | 7224 ||| Stepping ~*~*~tactically~*~*~ (stealth).
  7229 | Lair:1   | 7229 ||| INVOKING Heroism.
  7235 | Lair:1   | HP: 9/68 [yak (11)]
  7235 | Lair:1   | Slain by a yak

Levels and vault maps discovered:
D:1:      dpeg_arrival_circle_labyrinth_b, layout_basic,
          ebering_ecumenical_altar_box, serial_glass, glass_columns_b,
          glass_columns_b, glass_columns_b, glass_columns_a
D:2:      layout_basic, basic_altar
D:3:      layout_rooms, nicolae_overflow_hidden_temple, minivault_4, st_stairs_3
D:4:      layout_cave_pools, nicolae_ru_awakened_eye, tgw_xom, temple_doors_e,
          nicolae_shop_firing_range
D:5:      layout_loops_ring, enter_ossuary_3, chequers_serial_rivers_small_b
D:6:      layout_rooms, uniq_menkaure, uniq_sigmund
D:7:      layout_cave_pools, minivault_26, minmay_crystal_room
D:8:      layout_loops_ring, minmay_lair_entry_grove
Temple:   compressed_dpeg_circular_temple
Lair:1:   layout_loops_ring, basic_altar, dreamdust_wasp_nest,
          lemuel_fruit_tree, grunt_megastairs_5, uniq_amaemon

Skill      XL: |  1  2  3  4  5  6  7  8  9 10 11 |
---------------+----------------------------------+-----
Axes           | 2 3 4 5 7 9 10 | 10.9
Throwing       | 1 3 |  3.3
Dodging        | 1 |  1.0
Fighting       | 4 5 7 8 |  8.1
Armour         | 4 5 6 8 |  8.2
Invocations    | 3 4 5 |  5.8
Shields        | 4 5 |  5.1

Action                     |  1- 3 |  4- 6 |  7- 9 | 10-12 || total
---------------------------+-------+-------+-------+-------++-------
  Melee: War axe           |    83 |    77 |   154 |    90 ||   404
  Throw: Javelin           |    22 |    45 |    60 |    27 ||   154
         Boomerang         |     5 |     7 |     3 |     4 ||    19
 Invoke: Heroism           |       |       |     6 |     5 ||    11
    Use: Scroll            |     1 |    11 |    11 |     1 ||    24
         Potion            |       |     1 |     3 |       ||     4
 Armour: Scale mail        |    28 |       |       |       ||    28
         Plate armour      |    18 |    69 |   203 |   115 ||   405
  Dodge: Dodged            |    30 |    30 |    63 |    40 ||   163
  Block: Buckler           |    18 |    28 |    34 |    29 ||   109

Table legend:
 A = Non-vault XP
 B = Vault XP
 C = Vault XP percentage of total XP
 D = Non-vault monster count
 E = Vault monster count
 F = Vault count percentage of total count
                 A         B        C        D         E       F
            +---------+---------+-------+---------+---------+-------
      Total |    6675 |    4320 |  39.3 |     147 |      64 |  30.3
            +---------+---------+-------+---------+---------+-------
        D:1 |      38 |       0 |   0.0 |      24 |       0 |   0.0
        D:2 |     152 |       0 |   0.0 |      21 |       0 |   0.0
        D:3 |     179 |      27 |  13.1 |      27 |       2 |   6.9
        D:4 |     112 |     151 |  57.4 |      12 |      10 |  45.5
        D:5 |     332 |      48 |  12.6 |       9 |       2 |  18.2
        D:6 |     399 |     411 |  50.7 |      11 |       2 |  15.4
        D:7 |     833 |    1008 |  54.8 |      14 |       5 |  26.3
        D:8 |    1886 |    1014 |  35.0 |      14 |       8 |  36.4
     Lair:1 |    2744 |    1428 |  34.2 |      15 |       4 |  21.1
    Ossuary |       0 |     233 | 100.0 |       0 |      31 | 100.0
            +---------+---------+-------+---------+---------+-------
